 Dungeon Crawl Stone Soup version 0.21-a0-33-g8b44e26 (webtiles) character file.

74 raigas the Stinger (level 4, 0/33 HPs)
             Began as a Draconian Venom Mage on May 27, 2017.
             Was an Initiate of Makhleb.
             Slain by Sigmund
             ... wielding a +0 scythe
              (9 damage)
             ... on level 3 of the Dungeon.
             The game lasted 00:28:08 (2417 turns).

raigas the Stinger (Draconian Venom Mage)           Turns: 2417, Time: 00:28:09

Health: 0/33       AC:  5    Str: 10    XL:     4   Next: 9%
Magic:  5/8        EV: 12    Int: 16    God:    Makhleb [......]
Gold:   42         SH:  0    Dex: 12    Spells: 5/8 levels left

rFire    . . .     SeeInvis .   k - +0 mace
rCold    . . .     Gourm    .   (no shield)
rNeg     . . .     Faith    .   (armour unavailable)
rPois    .         Spirit   .   (helmet restricted)
rElec    .         Reflect  .   (no cloak)
rCorr    .         Harm     .   (no gloves)
MR       .....                  (no boots)
Stlth    ++........             (no amulet)
Regen    0.2/turn               (no ring)
MPRegen  0.2/turn               (no ring)

@: no status effects
A: unfitting armour, cold-blooded, AC +5
a: Renounce Religion


You were on level 3 of the Dungeon.
You worshipped Makhleb.
Makhleb was noncommittal.
You were not hungry.

You visited 1 branch of the dungeon, and saw 3 of its levels.

You collected 42 gold pieces.

Inventory:

Hand Weapons
 d - a +0 club
 k - a +0 mace (weapon)
Jewellery
 f - a cursed -3 ring of intelligence {unknown}
 q - a +3 ring of slaying {unknown}
Scrolls
 b - a scroll of remove curse {unknown}
 e - 2 scrolls of identify {unknown}
 j - 2 scrolls of amnesia {unknown}
 l - 2 scrolls of teleportation {unknown}
Potions
 c - a potion of brilliance {unknown}
 g - a potion of curing
 h - a potion of resistance {unknown}
 p - a potion of lignification {unknown}
Books
 a - a Young Poisoner's Handbook

   Spells                             Type                      Level
   a - Sting                          Conjuration/Poison           1
   b - Poisonous Vapours              Poison/Air                   2
   c - Mephitic Cloud                 Conjuration/Poison/Air       3
   d - Olgreb's Toxic Radiance        Poison                       4
   e - Venom Bolt                     Conjuration/Poison           5
Comestibles
 i - a royal jelly
 m - 2 bread rations
 n - 8 chunks of flesh
 o - a meat ration


   Skills:
 + Level 0.4 Maces & Flails
 + Level 2.0 Dodging
 + Level 2.0 Stealth
 * Level 2.8 Spellcasting
 * Level 2.0 Conjurations
 + Level 3.6 Poison Magic


You had 5 spell levels left.
You knew the following spells:

 Your Spells              Type           Power        Failure   Level  Hunger
a - Sting                 Conj/Pois      ##..         6%          1    #......
b - Poisonous Vapours     Pois/Air       #.....       14%         2    ##.....


Dungeon Overview and Level Annotations

Branches:
Dungeon (3/15)

Altars:
Makhleb
Nemelex Xobeh

Annotations:
D:3 Sigmund


Innate Abilities, Weirdness & Mutations

Your plain brown scales are hard. (AC +5)
You cannot fit into any form of body armour.
You are cold-blooded and may be slowed by cold attacks.


Message History

The magic dart hits you!
* * * LOW HITPOINT WARNING * * *
You hit Sigmund but do no damage.
Sigmund is almost dead.
Sigmund misses you.
Casting: Sting
Confirm with . or Enter, or press ? or * to list all spells.
Aiming: Sting
Press: ? - help, Shift-Dir - straight line, f/p - Sigmund
Aim: Sigmund, wielding a scythe and wearing a robe (almost dead)
The sting misses Sigmund.
Casting: Sting
Confirm with . or Enter, or press ? or * to list all spells.
Aiming: Sting
Press: ? - help, Shift-Dir - straight line, f/p - Sigmund
Aim: Sigmund, wielding a scythe and wearing a robe (almost dead)
The sting hits Sigmund.
Sigmund is poisoned.
Sigmund is almost dead.
Sigmund hits you with a scythe!
You die...

##########
#.@@......
#.#####... #.#
#########.#
######......##.#
#...........##.#
#.####.###..##.#
#.# #.# #..##.#
##.# #.# #..##.#


You could see Sigmund.

Vanquished Creatures
  2 adders
  A gnoll (D:1)
  An ooze (D:1)
  2 worms
  An orc (D:3)
  6 giant cockroaches
  4 hobgoblins
  4 jackals (D:2)
  3 bats
  4 frilled lizards
  A goblin (D:2)
  3 kobolds
  4 rats
36 creatures vanquished.

Notes
Turn   | Place    | Note
-------+----------+-------------------------------------------
     0 | D:1      | raigas the Draconian Venom Mage began the quest for the Orb.
     0 | D:1      | Reached XP level 1. HP: 14/14 MP: 3/3
   291 | D:1      | Reached XP level 2. HP: 12/20 MP: 5/5
  1032 | D:1      | Learned a level 2 spell: Poisonous Vapours
  1122 | D:1      | Reached XP level 3. HP: 26/26 MP: 0/6
  1417 | D:2      | Found a burning altar of Makhleb.
  1523 | D:2      | Became a worshipper of Makhleb the Destroyer
  2276 | D:3      | Found a sparkling altar of Nemelex Xobeh.
  2339 | D:3      | Reached XP level 4. HP: 33/33 MP: 4/8
  2405 | D:3      | Noticed Sigmund
  2417 | D:3      | Slain by Sigmund

Vault maps used:
D:1:      dpeg_arrival_shrine, hangedman_feature_mirror
D:2:      lemuel_doored_altar
D:3:      nemelex_xobeh_ov_fountains_minmay, uniq_jessica, uniq_sigmund

Skill      XL: |  1  2  3 |
---------------+----------+-----
Dodging        | 2 |  2.0
Stealth        | 2 |  2.0
Conjurations   | 2 |  2.0
Maces & Flails | |  0.4
Spellcasting   | |  2.8
Poison Magic   | |  3.6

Action                   |  1- 3 |  4- 6 || total
-------------------------+-------+-------++-------
Melee: Club              |    70 |       ||    70
       Tailslap          |    10 |       ||    10
       Unarmed           |     1 |       ||     1
       Mace              |    15 |     7 ||    22
 Cast: Sting             |    27 |     6 ||    33
       Poisonous Vapours |    10 |       ||    10
  Use: Potion            |     2 |       ||     2
  Eat: Bread ration      |     1 |       ||     1
       Meat ration       |     1 |       ||     1
Armor: Skin              |    31 |     2 ||    33
Dodge: Dodged            |    66 |     4 ||    70
